Wizard Dude, neutral male human Wizard ------- ----- |......#####|....## |.....| #-...|## #.[....| |...|# -------.----- #-----.- |...|`#####.......^....| #### -----# |.>.........| # |...........| # -----------.- # ------# |....|# |....|# |.^^.-# -|--.- # ## # ################@q Wizard Dude the Conjurer Experience level: 5 Strength: 13 Dexterity: 13 Constitution: 11 Intelligence: 18 Wisdom: 12 Charisma: 9 Health: 0(35) Energy: 34(58) Def: 2 Gold: 638 Moves: 2794 Dungeon seed: brkPvzaRHw2-hqPu Game ID: Wizard Dude_1554833002 Your Inventory: Coins $ - 638 gold pieces Weapons a - a blessed +1 quarterstaff (weapon in hands) Armor e - an uncursed +0 cloak of magic resistance (being worn) q - an uncursed +0 pair of kicking boots (being worn) Comestibles o - 2 uncursed food rations r - 2 uncursed bananas Scrolls i - an uncursed scroll of teleportation j - an uncursed scroll of identify p - a cursed scroll of light t - an uncursed scroll of magic mapping D - an uncursed scroll of confuse monster E - a blessed scroll of blank paper F - a cursed scroll of blank paper G - 2 uncursed scrolls of blank paper Spellbooks l - a blessed spellbook of force bolt y - an uncursed spellbook of detect food Potions f - an uncursed potion of sickness g - an uncursed potion of enlightenment h - an uncursed potion of object detection x - an uncursed potion of gain level B - an uncursed potion of extra healing Rings c - an uncursed ring of fire resistance d - an uncursed ring of slow digestion (on left hand) Wands b - a wand of cold (0:5) s - a cursed wand of magic missile (0:5) u - a wand of light (0:12) w - a wand of speed monster (0:7) A - a blessed wand of magic missile (0:5) Tools n - an uncursed blindfold C - an uncursed skeleton key Spells and supernatural/magical abilities: Name Level Category Fail Memory a - force bolt 1 attack 0% 87% s - slow monster 2 enchantment 0% 87% E - detect food 2 divination 60% 95% W - pray for help -- divine ? -- Your skills at the end: Fighting Skills Weapon Skills quarterstaff [Basic] Spellcasting Skills attack spells [Basic] enchantment spells [Basic] Final Attributes: You were piously aligned. You were magic-protected. You were telepathic. You had slower digestion. You are dead. Vanquished creatures: a large mimic a leprechaun a gnome mummy a rock piercer a yellow light a violet fungus a gnome lord a paper golem a giant ant 2 floating eyes a kitten a giant bat 2 dwarf zombies a wererat a werejackal an iguana an acid blob a hobbit a large kobold 2 hobgoblins 5 cave spiders a brown mold 2 yellow molds a green mold 3 gnomes 6 garter snakes a gecko 5 jackals 2 kobolds 2 goblins a sewer rat 5 grid bugs 3 lichens 2 kobold zombies 2 newts 64 creatures vanquished. Voluntary challenges: You had followed a strict vegan diet until turn 2066. You had followed a strict vegetarian diet until turn 2066. You used a wielded weapon 28 times, starting on turn 52. You read items or engraved 3 times, starting on turn 1688. You never genocided any monsters. You never polymorphed an object. You never changed form. You used no wishes. You never split a pudding. You never wrote Elbereth's name. You never violated your personal moral code. Dungeon overview: The Dungeons of Doom: levels 1 to 8 Level 1 a fountain a long staircase Level 2 Level 3 a potion shop, a sink stairs to The Gnomish Mines Level 4 a scroll shop Level 5 a general store, some fountains, a sink Level 6 Level 7 <- You were here Level 8 The Gnomish Mines: Level 4 stairs to The Dungeons of Doom History has recorded: On T:1 you entered the Dungeons of Doom to retrieve the Amulet of Yendor! On T:300 you reached level 2 of The Dungeons of Doom. On T:407 you advanced to experience level 2. On T:734 you reached level 3 of The Dungeons of Doom. On T:999 you advanced to experience level 3. On T:1223 you reached level 1 of The Gnomish Mines. On T:1246 you advanced to experience level 4. On T:1284 you reached level 4 of The Dungeons of Doom. On T:1650 you advanced to experience level 5. On T:1728 you reached level 5 of The Dungeons of Doom. On T:2408 you reached level 6 of The Dungeons of Doom. On T:2659 you reached level 8 of The Dungeons of Doom. On T:2673 you reached level 7 of The Dungeons of Doom. Score breakdown: Gold: 638 ( 9543 points) Experience: 5 levels (11141 points) Exploration: 8 levels ( 16.00%) (11338 points) Discoveries: 5 items ( 1.74%) ( 3959 points) Valuables value: (no points given unless you survive) Artifact value: 0 ( 0 points) Variety of kills: 35 monsters ( 9.19%) ( 9092 points) Turncount: 2794 turns ( -494 points) Survival: died (score multiplied by 80%) Total score: 35663 Latest messages: The jackal bites! You kill the jackal! The jackal bites! You kill the jackal! The door opens. You fall into a pit! You are still in a pit. You crawl to the edge of the pit. An arrow shoots out at you! You are hit by an arrow. $ - 4 gold pieces. The door resists! (7x) The door opens. You hear a distant explosion. You hear a sound reminiscent of a seal barking. You miss the rothe. The rothe hits! The rothe bites! (2x) You hit the rothe! The rothe hits! The rothe bites! (2x) You die... Final status: Goodbye Wizard Dude the Wizard, killed by a rothe... You died in The Dungeons of Doom on dungeon level 7 with 35663 points, and 638 pieces of gold, after 2794 moves. You were level 5 with a maximum of 35 hit points when you died.